 Dungeon Crawl Stone Soup version 0.23.2-1-ga50397a (webtiles) character file.

Game seed: 8280202532765779771

1205 dragonscale333 the Chopper (level 8, -3/62 HPs)
             Began as a Demonspawn Gladiator on Apr 25, 2019.
             Was a Follower of Okawaru.
             Slain by an orc warrior
             ... wielding a +0 dire flail
              (19 damage)
             ... on level 5 of the Dungeon.
             The game lasted 00:15:21 (6970 turns).

dragonscale333 the Chopper (Demonspawn Gladiator)   Turns: 6970, Time: 00:15:22

Health: -3/62      AC:  6    Str: 17    XL:     8   Next: 21%
Magic:  6/8        EV: 16    Int: 10    God:    Okawaru [*.....]
Gold:   327        SH: 13    Dex: 16    Spells: 7/7 levels left

rFire    . . .     SeeInvis .   n - +3 hand axe (elec)
rCold    + . .     Gourm    .   j - +2 shield {rPois}
rNeg     . . .     Faith    .   b - +0 leather armour
rPois    +         Spirit   .   c - +0 helmet
rElec    .         Reflect  .   (no cloak)
rCorr    .         Harm     .   k - +0 pair of gloves
MR       .....                  (no boots)
Stlth    +++.......             (no amulet)
HPRegen  0.20/turn              (no ring)
MPRegen  0.11/turn              (no ring)

@: heroism
A: claws 2, thin skeletal structure 1, cold resistance 1, demonic guardian 1,
freezing cloud immunity
a: Heroism, Renounce Religion


You were on level 5 of the Dungeon.
You worshipped Okawaru.
Okawaru was aware of your devotion.
You were not hungry.

You visited 1 branch of the dungeon, and saw 6 of its levels.

You collected 327 gold pieces.

Inventory:

Hand Weapons
 a - a +0 trident
 n - a +3 hand axe of electrocution (weapon)
 o - a cursed -3 long sword
 u - a +4 war axe of chopping
Missiles
 d - 2 throwing nets (quivered)
Armour
 b - a +0 leather armour (worn)
 c - a +0 helmet (worn)
 h - the +4 ring mail of the Insatiable Spirits {MR- rCorr Dex+4}
   (You found it on level 5 of the Dungeon)

   It affects your dexterity (+4).
   It affects your resistance to hostile enchantments.
   It provides partial protection from all sources of acid and corrosion.
 j - a +2 shield of poison resistance (worn)
 k - a +0 pair of gloves (worn)
Jewellery
 l - a cursed amulet of inaccuracy {unknown}
 q - an uncursed amulet of guardian spirit {unknown}
 r - an uncursed amulet of regeneration {unknown}
 y - an uncursed amulet of guardian spirit {unknown}
Wands
 t - a wand of random effects (26)
Scrolls
 e - 6 scrolls of identify
 i - a scroll of teleportation
 p - a scroll of fear {unknown}
 w - a scroll of enchant armour
 z - a scroll of remove curse
Potions
 g - a potion of agility {unknown}
 m - a potion of heal wounds {unknown}
 s - 3 potions of degeneration
 v - a potion of berserk rage {unknown}
 x - a potion of curing {unknown}
Comestibles
 f - 6 rations


   Skills:
 - Level 5.1(10.1) Fighting
 + Level 6.3(11.6) Axes
 - Level 2.8(9.9) Polearms
 - Level 1.7(6.7) Throwing
 - Level 2.8(7.8) Dodging
 - Level 0.4(5.4) Stealth
 - Level 4.0(9.0) Shields


You had 7 spell levels left.
You didn't know any spells.
Your spell library contained the following spells:

 Spells                   Type           Power        Failure   Level  Hunger
 Animate Skeleton         Necr           N/A          69%         1    ##.....
 Apportation              Tloc           #.....       69%         1    ##.....
 Confusing Touch          Hex            #.....       69%         1    ##.....
 Summon Small Mammal      Summ           #...         69%         1    ##.....
 Call Imp                 Summ           #.......     83%         2    ###....
 Call Canine Familiar     Summ           #.......     96%         3    ####...
 Summon Guardian Golem    Hex/Summ       #.......     96%         3    ####...
 Summon Ice Beast         Ice/Summ       #.......     100%        4    #####..
 Summon Lightning Spire   Summ/Air       #.......     100%        4    #####..


Dungeon Overview and Level Annotations

Branches:
Dungeon (6/15)             Temple (0/1) D:5

Altars:
Fedhas
Kikubaaqudgha
Nemelex Xobeh
Okawaru
Qazlal
Wu Jian
Yredelemnul

Shops:
D:5 [}}

Annotations:
D:3 2 transporters, Rwicked's ghost, amateur GrFi
D:4 3 runed translucent doors, Aske's ghost, novice KoBe


Innate Abilities, Weirdness & Mutations

You have very sharp fingernails.
You have a somewhat thin skeletal structure. (Dex +2, Stealth)
Your flesh is cold resistant. (rC+)
A weak demonic guardian rushes to your aid.
You are immune to freezing clouds.


Message History

You climb upwards.
There is a stone staircase leading down here.
Unknown command.
You gain the combat prowess of a mighty hero.
The orc warrior completely misses you.
Evoke which item? (* to show all) (? for menu, Esc to quit)
Okay, then.
Okay, then.
Okay, then.
You hit the orc warrior but do no damage.
Lightning courses through the orc warrior!
The orc warrior is heavily wounded.
You barely miss the orc warrior.
The orc warrior is heavily wounded.
You block the orc warrior's attack.
You hit the orc warrior.
The orc warrior is severely wounded.
Your shadow imp barely misses the orc warrior.
The orc warrior hits you with a +0 dire flail!!
You die...

....#########.....#####
#...#.#....#..........###
........<.....#.#.......#
.............####.......##
.............#.#.........#
.........................#
....#.............#......#
....#..##........###.....#
........##......@o.#.....#
#.##...###.#.....5......##
#......##..........##.###
..##...##.............# ###
#.##..##..............###.#
#......................#..##
..#..###.......)..........∩#
.....#.....................#
..............##.........###


You could see an orc warrior and a friendly shadow imp.

Vanquished Creatures
  Prince Ribbit (D:4)
  An ice beast (D:6)
  A centaur (D:5)
  Blork the orc (D:6)
  A bullfrog (D:6)
  A scorpion (D:5)
  A hound (D:5)
  A jelly (D:6)
  3 orc priests
  A centaur skeleton (D:4)
  6 orc wizards
  Ijyb (D:2)
  3 worker ants
  3 gnolls
  6 adders
  An ooze (D:1)
  4 worms
  5 dart slugs
  3 leopard geckos
  23 orcs
  A ball python (D:3)
  8 giant cockroaches
  12 goblins
  10 hobgoblins
  12 jackals
  4 quokkas
  4 bats
  6 frilled lizards
  A jackal skeleton (D:5)
  6 kobolds
  A quokka skeleton (D:4)
  12 rats
144 creatures vanquished.

Vanquished Creatures (collateral kills)
  A gnoll (D:5)
  2 orcs
3 creatures vanquished.

Vanquished Creatures (others)
  4 fungi (D:4)
4 creatures vanquished.

Grand Total: 151 creatures vanquished

Notes
Turn   | Place    | Note
-------+----------+-------------------------------------------
     0 | D:1      | dragonscale333 the Demonspawn Gladiator began the quest for
                  | the Orb.
     0 | D:1      | Reached XP level 1. HP: 16/16 MP: 1/1
   246 | D:1      | Gained mutation: A weak demonic guardian rushes to your
                  | aid. [demonic ancestry]
   246 | D:1      | Reached XP level 2. HP: 22/22 MP: 2/2
   548 | D:1      | Gained mutation: You have a somewhat thin skeletal
                  | structure. (Dex +2, Stealth) [demonic ancestry]
   548 | D:1      | Reached XP level 3. HP: 29/29 MP: 3/3
  1401 | D:2      | Reached XP level 4. HP: 37/37 MP: 4/4
  1451 | D:2      | Noticed Ijyb
  1518 | D:2      | Killed Ijyb
  1671 | D:2      | Found a faded altar of an unknown god.
  2272 | D:2      | Reached skill level 5 in Fighting
  2272 | D:2      | Gained mutation: You have sharp fingernails. [demonic
                  | ancestry]
  2272 | D:2      | Reached XP level 5. HP: 44/44 MP: 5/5
  2294 | D:2      | Found a basalt altar of Yredelemnul.
  2718 | D:3      | Noticed Rwicked's ghost (amateur GrFi)
  2775 | D:3      | Reached skill level 1 in Shields
  2998 | D:3      | Found a transporter.
  3035 | D:3      | Found a transporter.
  3730 | D:4      | Gained mutation: You have very sharp fingernails. [demonic
                  | ancestry]
  3730 | D:4      | Reached XP level 6. HP: 43/51 MP: 6/6
  3766 | D:4      | Found a runed translucent gate.
  4355 | D:4      | Found an iron altar of Okawaru.
  4403 | D:4      | Found a faded altar of an unknown god.
  4403 | D:4      | Found an ornate altar of the Wu Jian Council.
  4408 | D:4      | Found a faded altar of an unknown god.
  4415 | D:4      | Found an iron altar of Okawaru.
  4416 | D:4      | Found a sparkling altar of Nemelex Xobeh.
  4447 | D:4      | Found a runed translucent gate.
  4448 | D:4      | Found a runed translucent gate.
  4449 | D:4      | Noticed Aske's ghost (novice KoBe)
  4542 | D:4      | Reached skill level 1 in Axes
  4665 | D:4      | Became a worshipper of Warmaster Okawaru
  4723 | D:4      | Found a stormy altar of Qazlal.
  4996 | D:4      | Found a blossoming altar of Fedhas.
  5131 | D:5      | Entered Level 5 of the Dungeon
  5132 | D:5      | Reached skill level 2 in Axes
  5158 | D:5      | Gained mutation: Your flesh is cold resistant. (rC+)
                  | [demonic ancestry]
  5158 | D:5      | Reached XP level 7. HP: 56/56 MP: 7/7
  5182 | D:5      | Found Saocs's Antique Armour Shoppe.
  5211 | D:5      | Noticed Prince Ribbit
  5248 | D:4      | Killed Prince Ribbit
  5248 | D:4      | Reached * piety under Okawaru
  5248 | D:4      | Reached skill level 4 in Axes
  5450 | D:5      | Found a staircase to the Ecumenical Temple.
  5753 | D:5      | Found Qoony's Gadget Emporium.
  5759 | D:5      | Found Meolock's Gadget Shoppe.
  5783 | D:5      | Got a smelly ring mail
  6025 | D:6      | Found a runed translucent door.
  6032 | D:6      | Reached skill level 5 in Axes
  6033 | D:6      | Identified the +4 ring mail of the Insatiable Spirits {MR-
                  | rCorr Dex+4} (You found it on level 5 of the Dungeon)
  6134 | D:6      | Noticed Blork the orc
  6144 | D:6      | Killed Blork the orc
  6177 | D:6      | Found an ancient bone altar of Kikubaaqudgha.
  6201 | D:6      | Gained mutation: You are immune to freezing clouds.
                  | [demonic ancestry]
  6201 | D:6      | Reached XP level 8. HP: 62/62 MP: 8/8
  6237 | D:6      | Reached skill level 6 in Axes
  6970 | D:5      | Slain by an orc warrior

Skill      XL: |  1  2  3  4  5  6  7  8 |
---------------+-------------------------+-----
Fighting       | 3 4 5 |  5.1
Shields        | 2 4 |  4.0
Axes           | 2 5 6 |  6.3
Polearms       | |  2.8
Throwing       | |  1.7
Dodging        | |  2.8
Stealth        | |  0.4

Action                   |  1- 3 |  4- 6 |  7- 9 || total
-------------------------+-------+-------+-------++-------
Melee: Trident           |   117 |   158 |       ||   275
       Unarmed           |       |     6 |       ||     6
       Hand axe          |       |   100 |    81 ||   181
Throw: Throwing net      |     1 |       |       ||     1
Invok: Heroism           |       |       |     1 ||     1
  Use: Scroll            |       |     7 |     1 ||     8
       Potion            |       |     3 |       ||     3
 Stab: Sleeping          |     1 |    10 |     1 ||    12
  Eat: Chunk             |       |     8 |     1 ||     9
       Ration            |       |     2 |     1 ||     3
Armor: Leather armour    |    17 |    52 |     9 ||    78
Dodge: Dodged            |    61 |   100 |    27 ||   188
Block: Shield            |       |    72 |    49 ||   121
